[Event "10th Iberoamericano-ch 2024"]
[Site "Linares"]
[Date "2024.09.25"]
[Round "1.20"]
[White "Barrenechea Bahamonde, Gustavo"]
[Black "Veiga, Jose Francisco R P N"]
[Result "0-1"]
[ECO "C22"]
[WhiteElo "2093"]
[BlackElo "2404"]
[Annotator "TA"]
[PlyCount "84"]
[EventDate "2024.09.25"]
[EventType "swiss"]
[EventCountry "ESP"]
[SourceTitle "playchess.com"]
[Source "ChessBase"]
[SourceQuality "1"]
[TimeControl "5400+30"]

1. e4 e5 2. d4 exd4 3. Qxd4 Nc6 4. Qe3 Nf6 5. Nc3 Bb4 6. Bd2 O-O 7. O-O-O Re8 8. Bc4 d6 9. Nf3 a5 10. Rhe1 Bc5 11. Qf4 {[%emt 0:04:08] The position is equal.} a4 12. a3 h6 {[%emt 0:07:13] [#]} (12... Bxf2 $14 13. Bxf7+ Kxf7 14. Ng5+ Kf8 15. Qxf2 Kg8) 13. e5 $1 $16 dxe5 14. Bxf7+ Kxf7 15. Qc4+ (15. Nxe5+ $2 {loses.} Nxe5 16. Rxe5 Rxe5 (16... Qd4 $2 17. Rxe8 Qxf4 18. Rxc8 $19) 17. Qxe5 Qd6 $19 (17... Bxf2 18. Be1 $11)) 15... Kf8 16. Nh4 Be6 17. Qxc5+ Kf7 {[%emt 0:01:43] [#] Strongly threatening ...Nd7.} 18. Bxh6 Nd7 $36 {[%emt 0:00:21][%mdl 2048] Black fights for an advantage.} 19. Rxd7+ Bxd7 20. Qd5+ Be6 {[%emt 0:03:57] Really sharp!} 21. Qxd8 (21. Qf3+ {is interesting.} Qf6 22. Bd2 Rh8 23. g3) 21... Rexd8 22. Bg5 Rd7 23. Nf3 Bd5 24. Ne4 b6 25. Bd2 (25. Bh4 $15 {is more appropriate.}) 25... Re8 26. Nfg5+ Kg6 27. f3 Nd4 28. Nc3 {[%emt 0:00:30] [#] This move loses the game for White.} (28. Kb1 $17) 28... Bb3 $1 $19 29. h4 Bxc2 {[%emt 0:02:17] aiming for ...Nb3+.} 30. Rh1 $2 (30. Be3 Bd3 31. Bxd4 Rxd4 32. g3) 30... Nb3+ {[%emt 0:00:33] Black is clearly winning.} 31. Kxc2 {[%emt 0:00:06] Hoping for Be3.} Rxd2+ 32. Kb1 Rxg2 33. Nce4 (33. Nxa4 $142 Nd2+ 34. Ka2) 33... Rd8 34. h5+ Kf5 35. Nf7 Rf8 36. h6 gxh6 37. Nxh6+ Ke6 38. Ng4 Nd2+ 39. Nxd2 Rxd2 40. Kc1 (40. Re1 $142) 40... Re2 41. Rh6+ Ke7 42. Rc6 Rxf3 {[%emt 0:00:32] Weighted Error Value: White=0.51/Black=0.18 (very precise) .  Mistake:       	White=6     	Black=1      Inaccurate:     	White=1     	Black=4      OK:         	White=5     	Black=8      Best:        	White=1     	Black=5      Strong:       	White=1     	---        Brilliant:      	---       	Black=1} 0-1

[Event "10th Iberoamericano-ch 2024"]
[Site "Linares"]
[Date "2024.09.25"]
[Round "1.21"]
[White "Fernandez Sanchez, Fernando Miguel"]
[Black "Jodorcovsky Werjivker, Paulo"]
[Result "1-0"]
[ECO "D02"]
[WhiteElo "2399"]
[BlackElo "2092"]
[Annotator "TA"]
[PlyCount "87"]
[EventDate "2024.09.25"]
[EventType "swiss"]
[EventCountry "ESP"]
[SourceTitle "playchess.com"]
[Source "ChessBase"]
[SourceQuality "1"]
[TimeControl "5400+30"]

1. Nf3 d5 2. d4 Nf6 3. c3 c6 4. Qc2 g6 5. h3 Bg7 6. Bf4 O-O 7. e3 Bf5 8. Qb3 {[%emt 0:00:19] White has an edge.} Qb6 9. Nbd2 Nbd7 10. g4 Be4 11. Rg1 Bxf3 12. Nxf3 Qxb3 (12... Ne4 {is more complex.} 13. Bd3 Rfe8 14. Ke2 e5) 13. axb3 a6 14. h4 {White is more active.} Rfe8 15. Bh3 {[%emt 0:09:43] [#] g5 would now be deadly.} Nf8 16. g5 N6d7 17. O-O-O e5 18. Bh2 exd4 19. exd4 Re2 20. Rde1 Rae8 (20... Rxf2 $6 21. Rg3 Nf6 22. gxf6 Bh6+ 23. Kb1 $18) 21. Kd1 Rxe1+ 22. Rxe1 Rxe1+ 23. Kxe1 Ne6 24. b4 Nb6 25. Nd2 Na4 26. Nb3 ({Of course not} 26. Bxe6 fxe6 27. Nb3 b6 $17 (27... Nxb2 28. Nc5 $11)) 26... b6 {[%emt 0:17:11] Against Na5} 27. Bf1 $1 h6 28. gxh6 Bxh6 29. Bxa6 {[%emt 0:00:11] Threatening Bb7.} Nxb2 30. Ke2 Bf4 31. Bg3 Na4 32. Kd3 c5 (32... Nb2+ $11 33. Kc2 Nc4) 33. Kc2 ({White should play} 33. Bxf4 $16 c4+ (33... Nxf4+ 34. Kc2 $14) 34. Kc2 Nxf4 35. Nc1) 33... c4 (33... Bxg3 $1 $11 {keeps the balance.} 34. fxg3 Nc7) 34. Bxf4 cxb3+ {[%emt 0:04:56] Black cannot hold the game after this.} (34... Nxf4 $16 35. Nd2 b5) 35. Kxb3 $18 Nxc3 $16 {[%emt 0:00:11][%mdl 4096] Endgame. KBB-KNN} 36. Be5 Ne4 37. Bb7 Nxf2 38. Bxd5 Nd3 $2 {[%emt 0:01:49] [#]} (38... Kf8 39. Bf3 Ke8) 39. Bxe6 $18 fxe6 40. Kc4 Nb2+ 41. Kb5 {[%emt 0:00:08] White mates.} Nd3 42. Bd6 ({And not} 42. Kxb6 Nxb4 43. Kc5 Nd5 $11) 42... Kf7 43. Kxb6 Ke8 44. Kc7 {[%emt 0:00:52] Weighted Error Value: White=0.06 (flawless) /Black=0.29 (precise) .  Mistake:       	White=1     	Black=4      Inaccurate:     	White=2     	Black=4      OK:         	White=7     	Black=11     Best:        	White=3     	Black=1      Strong:       	White=1     	---} 1-0

[Event "10th Iberoamericano-ch 2024"]
[Site "Linares"]
[Date "2024.09.25"]
[Round "1.22"]
[White "Sicilia Laino, Juan Diego"]
[Black "Ynojosa Aponte, Felix Jose"]
[Result "0-1"]
[ECO "B33"]
[WhiteElo "2090"]
[BlackElo "2398"]
[Annotator "TA"]
[PlyCount "73"]
[EventDate "2024.09.25"]
[EventType "swiss"]
[EventCountry "ESP"]
[SourceTitle "playchess.com"]
[Source "ChessBase"]
[SourceQuality "1"]
[TimeControl "5400+30"]

1. e4 c5 2. Nf3 Nc6 3. d4 cxd4 4. Nxd4 e5 5. Nb5 d6 6. N1c3 a6 7. Na3 b5 8. Nd5 Nf6 9. Bg5 Be7 10. Bxf6 Bxf6 11. c3 Bg5 12. g3 O-O 13. h4 Bh6 14. Bh3 {[%emt 0:02:00] The position is equal.} Be6 15. Nc2 Rb8 16. Nce3 (16. Bf5 {feels hotter.} Bxd5 17. Qxd5 Qb6 18. O-O) 16... Bxe3 17. Nxe3 Qd7 (17... Bxh3 {simplifies} 18. Rxh3 b4 19. h5 h6) 18. Bf5 (18. Bxe6 {simplifies} fxe6 19. Qd3 Rbd8 20. Rd1) 18... b4 19. Qh5 {[%emt 0:05:53][%csl Gf5][%cal Rh5h7] [#]} g6 (19... Bxf5 {simplifies} 20. Qxf5 Qb7 21. O-O Ne7) 20. Qh6 {[%emt 0:00:24][%cal Oh4h5] Threatens to win with h5!} Ne7 21. Bxe6 Qxe6 22. h5 bxc3 23. bxc3 Rfc8 (23... f5 $1 $11) 24. hxg6 $16 Qxg6 25. Qh4 (25. Rd1 {simplifies} Rxc3 26. Rxd6 Qxh6 27. Rhxh6 Ra3 28. Kf1) 25... Rb7 26. c4 Nc6 27. Nd5 Nd4 {[%emt 0:00:42] Strongly threatening ...Nf3+.} 28. Kf1 Nf3 $36 {[%emt 0:02:49][%mdl 2048] White is under pressure.} (28... Rxc4 $2 29. Nf6+ Kf8 30. Nxh7+ Ke8 31. Nf6+ Ke7 32. Nd5+ Kd7 33. Qe7+ Kc6 34. Qe8+ Kc5 35. Qc8+ Nc6 36. Qxb7 $18) 29. Nf6+ (29. Ne7+ $11 {remains equal.} Rxe7 30. Qxe7) 29... Kg7 $17 {[%emt 0:01:34] The board is on fire.} 30. Nh5+ {[%emt 0:00:08] [#]} Kf8 $1 31. Qf6 Nd2+ 32. Kg1 (32. Kg2 $17) 32... Nxe4 {[%emt 0:00:17] Active counter play!} 33. Qh8+ Qg8 34. Qxg8+ Kxg8 35. Rd1 (35. Re1 $142 f5 (35... Rxc4 $2 36. Rxe4 Rxe4 37. Nf6+ Kg7 38. Nxe4 $18) 36. g4) 35... Rb2 $19 (35... Rxc4 36. Rh4 Kf8 37. Nf6 $17) 36. Rh4 f5 ({Weaker is} 36... Nxf2 37. Nf6+ Kg7 38. Rxd6 $11) (36... Rxc4 $2 {is the wrong capture.} 37. Rxe4 (37. Nf6+ Nxf6 38. Rxc4 Rxa2 $14) 37... Rxe4 38. Nf6+ (38. Rxd6 $2 Re1+ 39. Kg2 Kf8 $19) 38... Kg7 39. Nxe4 $18) 37. Rxe4 $2 {Weighted Error Value: White=0.24 (precise) /Black=0.14 (very precise) .  Mistake:       	White=4     	Black=1      Inaccurate:     	White=2     	Black=1      OK:         	White=6     	Black=10     Best:        	White=1     	Black=2} (37. g4 Nxf2 (37... Rxf2 38. gxf5 Rd2 39. Rb1 $11) 38. Rf1 Nxg4 39. Rxf5 Rb1+ (39... Rxc4 40. Nf6+ Kf7 41. Nxg4+ Kg6 42. Rf1 $17) 40. Rf1 Rxf1+ 41. Kxf1 Ne3+ (41... Rxc4 $2 42. Nf6+ Kf7 43. Nxg4 $19) 42. Ke2 Rxc4 (42... Nxc4 $2 43. Kd3 $19) 43. Rh1) 0-1

[Event "10th Iberoamericano-ch 2024"]
[Site "Linares"]
[Date "2024.09.25"]
[Round "1.23"]
[White "Labiano Hernandez, Juan"]
[Black "Lorente Serrano, Rosa Adela"]
[Result "0-1"]
[ECO "E71"]
[WhiteElo "2398"]
[BlackElo "2087"]
[Annotator "TA"]
[PlyCount "48"]
[EventDate "2024.09.25"]
[EventType "swiss"]
[EventCountry "ESP"]
[SourceTitle "playchess.com"]
[Source "ChessBase"]
[SourceQuality "1"]
[TimeControl "5400+30"]

1. d4 Nf6 2. c4 g6 3. Nc3 Bg7 4. e4 d6 5. h3 O-O 6. Be3 e5 7. d5 a5 8. g4 Na6 9. Nge2 h5 10. Bg5 {[%emt 0:15:58] White is slightly better.} hxg4 11. Ng3 Qd7 12. hxg4 Nh7 13. Be3 Qxg4 14. Qd2 Qd7 15. Bh6 (15. Bh3 $16 Qd8 16. Bxc8 Rxc8 17. O-O-O) 15... f6 $1 $11 16. O-O-O Bxh6 17. Rxh6 Qg7 18. Be2 Ng5 19. Rdh1 Bd7 20. f4 exf4 21. Qxf4 {[%emt 0:00:12] [#] And now Qh4 would win.} Nc5 $2 (21... Nf7 $1 $11 22. R6h2 Nc5) 22. Bg4 $2 (22. Qh4 $16 Kf7 23. Rxg6 Qxg6 24. Bh5 Nd3+ 25. Kb1) 22... Nd3+ $19 {[%emt 0:00:57] Black is clearly winning.} 23. Kc2 Nxf4 24. Bxd7 Qxd7 {[%emt 0:00:50] Weighted Error Value: White=0.62/Black=0.21 (precise) .  Loses game:     	White=1     	---        Mistake:       	White=1     	Black=1      Inaccurate:     	---       	Black=1      OK:         	White=7     	Black=8      Best:        	White=1     	Black=1      Strong:       	---       	Black=1} 0-1

[Event "10th Iberoamericano-ch 2024"]
[Site "Linares"]
[Date "2024.09.25"]
[Round "1.24"]
[White "Dias, Ivo Rodrigues"]
[Black "Horcajuelo Rocamora, Martin"]
[Result "0-1"]
[ECO "B92"]
[WhiteElo "2077"]
[BlackElo "2394"]
[Annotator "TA"]
[PlyCount "80"]
[EventDate "2024.09.25"]
[EventType "swiss"]
[EventCountry "ESP"]
[SourceTitle "playchess.com"]
[Source "ChessBase"]
[SourceQuality "1"]
[TimeControl "5400+30"]

1. e4 c5 2. Nf3 d6 3. d4 cxd4 4. Nxd4 Nf6 5. Nc3 a6 6. Be2 e5 7. Nb3 Be7 8. g4 h6 9. h4 b5 10. Be3 Bb7 11. Qd3 {[%emt 0:00:47] The position is equal.} b4 12. Nd5 Nxd5 13. exd5 Nd7 14. O-O-O a5 15. Nd2 Ba6 16. Nc4 Qc7 17. g5 Rc8 18. b3 Nc5 $36 {[%emt 0:08:13][%mdl 2048] White is under pressure.} 19. Bxc5 (19. Qf5 {keeps more tension.} g6 20. Qf3 h5 21. Bxc5 Qxc5 22. Qe4) 19... Qxc5 (19... Bxc4 $1 $15 20. bxc4 Qxc5 (20... dxc5 $2 {is the wrong capture.} 21. d6 $18)) 20. Qe3 (20. Qd2 $11) 20... Bxc4 $15 21. Bxc4 Qxe3+ 22. fxe3 Kd7 (22... hxg5 $17 23. Bb5+ Kd8 24. hxg5 Rxh1 25. Rxh1 Bxg5 26. Rh8+ Kc7 27. Rxc8+ Kxc8) 23. g6 fxg6 24. Bd3 Rcf8 (24... Rc3 $15 25. Rdf1 g5) 25. Bxg6 $11 Rf3 26. Rdf1 Rhf8 27. Rxf3 Rxf3 {[%emt 0:00:01][%mdl 4096] Endgame. KRB-KRB} 28. e4 (28. Kd2 $15) 28... Rf4 {[%emt 0:00:36] Black is more active.} 29. h5 Bg5 {[%emt 0:00:16] [#] ( -> ...Rf1+)} 30. Kb1 Kc7 31. Rd1 (31. c3 $17 {is a better defense.}) 31... Kb6 ({Black should play} 31... Rf2 $19 32. Kb2 Kb6) 32. Bh7 $2 {[%emt 0:00:07] This costs White the game.} (32. c4 $17) 32... Rf2 33. Bg6 (33. Rh1 {was necessary.}) 33... Kc5 {[%emt 0:00:18] ...Rh2 is the strong threat.} 34. Bh7 $2 (34. Rh1) 34... Bd2 (34... Rh2 $142 35. Bg6 Bd2) 35. Bg6 $2 (35. Rh1 {only move.}) 35... Kd4 36. Bh7 $2 (36. Rh1 {keeps fighting.}) 36... Ke3 {[%emt 0:00:11] [#] Strongly threatening ...Rh2.} 37. Bg6 $2 (37. Rh1) 37... Rh2 $19 {[%emt 0:00:25] Hoping for ...Ke2.} 38. Rg1 Kf2 39. Rd1 Ke2 40. Rg1 Be3 {[%emt 0:00:05] Weighted Error Value: White=1.11/Black=0.31.  Loses game:     	White=1     	---        Mistake:       	White=8     	Black=5      Inaccurate:     	White=6     	Black=2      OK:         	White=5     	Black=10     Best:        	White=2     	Black=2} 0-1

[Event "10th Iberoamericano-ch 2024"]
[Site "Linares"]
[Date "2024.09.25"]
[Round "1.25"]
[White "Leiva, Gianmarco"]
[Black "Castillo Beitia, Ashley Alexandra"]
[Result "1-0"]
[ECO "B77"]
[WhiteElo "2389"]
[BlackElo "2071"]
[Annotator "TA"]
[PlyCount "111"]
[EventDate "2024.09.25"]
[EventType "swiss"]
[EventCountry "ESP"]
[SourceTitle "playchess.com"]
[Source "ChessBase"]
[SourceQuality "1"]
[TimeControl "5400+30"]

1. e4 c5 2. Nf3 d6 3. d4 cxd4 4. Nxd4 Nf6 5. Nc3 g6 6. Be3 Bg7 7. f3 Nc6 8. Qd2 O-O 9. Bc4 Nxd4 10. Bxd4 Be6 11. Bb3 Qa5 12. O-O-O b5 13. Kb1 Rfc8 14. Rhe1 {[%emt 0:10:32] Black must now prevent Bxe6.} Rc7 (14... Bxb3 $11 {keeps the balance.} 15. cxb3 Qc7) 15. Bxe6 $16 fxe6 16. e5 b4 (16... dxe5 $16 {was called for.} 17. Rxe5 Rd7) 17. exf6 $18 bxc3 18. Bxc3 Rxc3 19. Qxc3 Qxc3 20. bxc3 {[%emt 0:00:02][%mdl 4096] Endgame. KRR-KRB} Rb8+ {[%emt 0:00:33] [#]} 21. Ka1 $1 Bxf6 22. Rd3 (22. Rxe6 $2 Bxc3#) 22... Rc8 23. Kb2 Kf7 24. Re4 d5 (24... a5 {was worth a try.} 25. Rde3 d5 26. Rxe6 Bxc3+ 27. Kc1 (27. Rxc3 Rb8+ 28. Rb3 Rxb3+ 29. Kxb3 Kxe6 $18) 27... Bf6) 25. Rb4 Be5 26. g3 Rc7 (26... g5 $142 27. Rb7 a6) 27. a4 h5 28. Kb3 Bd6 29. Rb5 h4 (29... g5 $142 30. Rb8 Rxc3+ 31. Rxc3 Bxb8) 30. f4 Kf6 31. a5 (31. gxh4 Bxf4 32. Rb4 Be5 33. Rf3+ Kg7) 31... hxg3 32. hxg3 Bc5 33. Kb2 Bg1 34. Kc1 Rc4 35. Rb4 {[%emt 0:00:43] aiming for Rxc4.} Rc5 {[%emt 0:00:48] [#]} 36. Ra4 $1 Rb5 37. c4 dxc4 38. Rc3 (38. Rxc4 $6 Rxa5 39. Kb2 Bb6 $16) 38... Bf2 39. Kd2 {[%emt 0:00:13] Prevents Be1+} (39. Rcxc4 Bxg3 40. Rcb4 Rf5 $14) (39. Raxc4 $6 Rxa5 40. Kd2 Bb6 $16) 39... Rb1 {[%emt 0:00:52] ...Be1+ would now be deadly.} 40. Ke2 ({Don't take} 40. Rcxc4 $6 Bxg3 41. Rd4 Kf5 $18) ({Inferior is} 40. Raxc4 Be1+ 41. Ke3 Bxc3 42. Rxc3 Rb5 $11) 40... Be1 (40... Bc5 41. Raxc4 Bb4) 41. Rca3 (41. Rcxc4 $142 Bxg3 42. Rc7) 41... c3 $2 (41... Bb4) 42. Ra1 Rxa1 43. Rxa1 Bxg3 {[%emt 0:00:05] KR-KB} 44. Kf3 Bh4 45. Rh1 g5 46. Ke4 e5 47. fxe5+ Ke6 48. Rh3 Be1 49. Rh6+ {[%emt 0:00:17] White mates.} Kd7 50. Rg6 g4 51. Rxg4 Kc6 52. Rg7 Bh4 53. Rh7 Bg5 54. Kf5 Be3 55. Rxe7 Kb5 56. e6 {[%emt 0:00:09] Black did not feel at home in the position after the opening.   Weighted Error Value: White=0.22 (precise) /Black=0.63.  Mistake:       	White=1     	Black=6      Inaccurate:     	---       	Black=1      OK:         	White=7     	Black=10     Best:        	White=4     	---        Strong:       	White=2     	---} 1-0

[Event "10th Iberoamericano-ch 2024"]
[Site "Linares"]
[Date "2024.09.25"]
[Round "1.26"]
[White "Li Chen, Helena Joana"]
[Black "Perea Fruet, Lorenzo"]
[Result "0-1"]
[ECO "B12"]
[WhiteElo "2068"]
[BlackElo "2389"]
[Annotator "TA"]
[PlyCount "76"]
[EventDate "2024.09.25"]
[EventType "swiss"]
[EventCountry "ESP"]
[SourceTitle "playchess.com"]
[Source "ChessBase"]
[SourceQuality "1"]
[TimeControl "5400+30"]

1. e4 c6 2. d4 d5 3. e5 Bf5 4. h4 a6 5. g4 Bd7 6. c4 e6 7. Nf3 c5 8. cxd5 {[%emt 0:11:17] The position is equal.} exd5 9. Rg1 Nc6 10. h5 (10. Nc3 $1 $11 {remains equal.}) 10... Qb6 $17 11. dxc5 (11. Nc3 $17 cxd4 12. Ne2) 11... Bxc5 $19 12. Rg2 Nh6 {[%emt 0:06:48] Black is more active.} 13. Bxh6 gxh6 14. Qe2 (14. Be2 $17) 14... Qb4+ 15. Nbd2 Bxg4 16. a3 {[%emt 0:01:34] [#]} Qf4 (16... Qxb2 17. Rb1 Bxf3 (17... Qxa3 $2 18. Rxg4 O-O-O 19. Rf4 $18) 18. Rxb2 $17) 17. Qd3 Nxe5 18. Nxe5 Qxe5+ 19. Be2 Qxe2+ (19... Qxb2 $2 {loses.} 20. Rb1 Qxa3 21. Qxa3 (21. Rxg4 Qxd3 22. Bxd3 b6 $16) 21... Bxa3 22. Bxg4 $18 (22. Rxg4 b5 $18)) (19... Bxh5 20. f4 Qxf4 (20... Qxb2 21. Rb1 $11) 21. Qxd5 Qh4+ 22. Kd1 Qh1+ 23. Kc2 Bg6+ (23... Qxa1 24. Bxh5 Be7 25. Bxf7+ Kf8 26. Bh5 Rc8+ 27. Kb3) 24. Kb3 Qh3+ (24... Qxa1 $2 25. Qxc5 f6 26. Qe3+ Kf8 27. Qc5+ Ke8 28. Rg1 $18) 25. Bf3 $15) 20. Qxe2+ Bxe2 21. Kxe2 Ke7 22. Nb3 Bb6 23. Rd1 (23. Rg4 $17 {keeps fighting.}) 23... Rad8 24. Rgg1 (24. Nc1 {is a better defense.}) 24... Rhe8 25. Kf3 Kf8 26. Nd4 Re5 27. Kf4 $2 (27. Rg4) 27... Re4+ 28. Kf5 Rxd4 29. Rde1 Bc7 30. Rg4 {[%emt 0:00:07] Prevents Rf4+.} Rxg4 31. Kxg4 {[%emt 0:00:06][%mdl 4096] Endgame. KRB-KR} d4 {[%emt 0:00:11] [#] Threatens to win with ...d3.} 32. Kf3 d3 {[%emt 0:00:35][%cal Oc7e5] ( -> ...Be5!)} 33. Rc1 d2 {[%emt 0:00:12] Black mates.} 34. Rd1 Be5 35. b4 Bb2 36. Ke2 Bxa3 37. Rxd2 Rxd2+ 38. Kxd2 Bxb4+ {[%emt 0:00:10] White did not feel at home in the position after the opening.   Weighted Error Value: White=0.91/Black=0.12 (very precise) .  Mistake:       	White=6     	---        Inaccurate:     	White=1     	Black=1      OK:         	White=3     	Black=10     Best:        	White=1     	Black=2} 0-1

[Event "10th Iberoamericano-ch 2024"]
[Site "Linares"]
[Date "2024.09.25"]
[Round "1.27"]
[White "Prado Lobo, Jonas"]
[Black "Mayorga Araya, Sofia"]
[Result "0-1"]
[ECO "E06"]
[WhiteElo "2385"]
[BlackElo "2059"]
[Annotator "TA"]
[PlyCount "52"]
[EventDate "2024.09.25"]
[EventType "swiss"]
[EventCountry "ESP"]
[SourceTitle "playchess.com"]
[Source "ChessBase"]
[SourceQuality "1"]
[TimeControl "5400+30"]

1. Nf3 Nf6 2. c4 e6 3. d4 d5 4. g3 Be7 5. Bg2 O-O 6. O-O c5 7. cxd5 exd5 8. dxc5 Bxc5 9. a3 h6 10. b4 Bb6 11. Bb2 {[%emt 0:02:05] White is slightly better.} a5 12. b5 Nbd7 13. Nc3 Nc5 14. Na4 Nxa4 15. Qxa4 Re8 16. e3 Bf5 17. Nd4 ({White should play} 17. Qf4 $14 Be4 18. Rac1) 17... Bg6 $11 18. Rfc1 Ne4 19. Qd1 a4 20. Ne2 $2 {[%emt 0:13:03][%mdl 8192] [#] This costs White the game.} (20. Qe2 $11) 20... Nxf2 $1 $19 {[%emt 0:09:19][%mdl 512] Black is clearly winning.} 21. Kxf2 {[%emt 0:00:10][%cal Ob2d4] Hoping for Bd4!} (21. Qxd5 Bxe3) 21... Bxe3+ 22. Kf1 Bh5 23. Rc2 {[%emt 0:08:15] [#]} d4 $1 24. Bxd4 (24. Qd3 Bg6) 24... Bxd4 25. Nxd4 Bxd1 26. Rxd1 Qb6 {[%emt 0:02:23] Weighted Error Value: White=0.59/Black=0.04 (flawless) .  Loses game:     	White=1     	---        Mistake:       	White=1     	---        Inaccurate:     	White=1     	Black=1      OK:         	White=3     	Black=6      Best:        	---       	Black=1      Brilliant:      	---       	Black=1} 0-1

[Event "10th Iberoamericano-ch 2024"]
[Site "Linares"]
[Date "2024.09.25"]
[Round "1.28"]
[White "Gavarrete, Joel"]
[Black "Vega Gutierrez, Sabrina"]
[Result "0-1"]
[ECO "A06"]
[WhiteElo "2059"]
[BlackElo "2374"]
[Annotator "RC"]
[PlyCount "62"]
[EventDate "2024.09.25"]
[EventType "swiss"]
[EventCountry "ESP"]
[SourceTitle "playchess.com"]
[Source "ChessBase"]
[SourceQuality "1"]
[TimeControl "5400+30"]

1. Nf3 d5 2. b3 Nf6 3. Bb2 Bf5 4. e3 e6 5. Be2 h6 6. O-O Bd6 7. c4 Nbd7 8. d3 O-O 9. Nbd2 Bh7 10. a3 a5 11. Qc2 Qe7 12. Rfe1 c6 13. Qc3 e5 14. d4 e4 15. Ne5 Bf5 16. f4 exf3 17. gxf3 Rfe8 18. f4 Nf8 19. Bf3 Ne4 20. Nxe4 dxe4 21. Bg4 Bxg4 22. Nxg4 Qh4 23. Nf2 Re6 24. Kf1 Qxh2 25. Ke2 Bxf4 26. Rg1 Bg3 27. Raf1 Bxf2 28. Rxg7+ Kxg7 29. d5+ f6 30. Rxf2 Qh5+ 31. Kd2 Re5 0-1

[Event "10th Iberoamericano-ch 2024"]
[Site "Linares"]
[Date "2024.09.25"]
[Round "1.29"]
[White "Ladron De Guevara Pinto, Paolo"]
[Black "Aragon Trujillo, Ricardo M."]
[Result "1-0"]
[ECO "B90"]
[WhiteElo "2371"]
[BlackElo "2057"]
[Annotator "RC"]
[PlyCount "125"]
[EventDate "2024.09.25"]
[EventType "swiss"]
[EventCountry "ESP"]
[SourceTitle "playchess.com"]
[Source "ChessBase"]
[SourceQuality "1"]
[TimeControl "5400+30"]

1. e4 c5 2. Nf3 d6 3. d4 Nf6 4. Nc3 cxd4 5. Nxd4 a6 6. Be3 e5 7. Nb3 Be7 8. Qd2 Ng4 9. g3 O-O 10. Nd5 Nxe3 11. Nxe3 b5 12. Bg2 Nd7 13. O-O Nb6 14. Na5 Qc7 15. f4 Bd8 16. Rad1 Na4 17. b4 Nc3 18. Rde1 Re8 19. f5 Bd7 20. Nac4 bxc4 21. Qxc3 Rc8 22. Kh1 Qb7 23. Rd1 Bb6 24. Nd5 Bd4 25. Qf3 f6 26. c3 Bb6 27. Rd2 a5 28. a3 axb4 29. axb4 Ba4 30. g4 Bd8 31. h4 Bc6 32. Ne3 Be7 33. Rb1 Bb5 34. Nd5 Ra8 35. Qe3 h6 36. Nxe7+ Qxe7 37. Qb6 Reb8 38. Qxd6 Qxd6 39. Rxd6 Ra2 40. Rc1 Rf2 41. Kg1 Rf4 42. g5 Kf7 43. g6+ Ke7 44. Re6+ Kf8 45. Ra1 Bd7 46. Rd6 Ke7 47. Rad1 Rb7 48. h5 Kd8 49. b5 Kc8 50. b6 Rg4 51. Kf2 Rh4 52. Ra1 Kb8 53. Ra7 Bc8 54. Rxb7+ Kxb7 55. Rd8 Rxh5 56. Rg8 Rg5 57. Bf1 Bxf5 58. exf5 Rxf5+ 59. Ke1 Rg5 60. Rxg7+ Kxb6 61. Bxc4 h5 62. Bf7 Kc6 63. Rh7 1-0

[Event "10th Iberoamericano-ch 2024"]
[Site "Linares"]
[Date "2024.09.25"]
[Round "1.30"]
[White "Abrisqueta Zudaire, Leyre"]
[Black "Cesar Maestre, Bernardo"]
[Result "1/2-1/2"]
[ECO "D02"]
[WhiteElo "2057"]
[BlackElo "2369"]
[Annotator "RC"]
[PlyCount "114"]
[EventDate "2024.09.25"]
[EventType "swiss"]
[EventCountry "ESP"]
[SourceTitle "playchess.com"]
[Source "ChessBase"]
[SourceQuality "1"]
[TimeControl "5400+30"]

1. d4 d5 2. Nf3 Nf6 3. c4 e6 4. g3 dxc4 5. Qa4+ Nbd7 6. Bg2 a6 7. Qxc4 b5 8. Qd3 Bb7 9. Nbd2 c5 10. dxc5 Bxc5 11. O-O O-O 12. a3 a5 13. b3 Qb6 14. e4 Rfd8 15. Qe2 b4 16. Nc4 Qb5 17. a4 Qa6 18. e5 Nd5 19. Bb2 N7b6 20. Ng5 h6 21. Ne4 Be7 22. Rfc1 Rac8 23. Qg4 Nxc4 24. bxc4 Nc3 25. Bxc3 bxc3 26. Rxc3 Bxe4 27. Qxe4 Bc5 28. Rd3 Qb6 29. Rxd8+ Rxd8 30. Qc2 Qb4 31. Ra2 Qe1+ 32. Bf1 Qxe5 33. Kg2 g6 34. Rb2 Bb4 35. Qb1 h5 36. h4 Rd4 37. Ra2 Qd6 38. Be2 e5 39. Qc1 e4 40. Qg5 Bd2 41. Qb5 Qf6 42. c5 Be1 43. Bf1 Kh7 44. Qb3 Rb4 45. Qe3 Bc3 46. c6 Qxc6 47. Rc2 Rb3 48. Bb5 Qf6 49. Qxe4 Bd4 50. Rd2 Rb4 51. Qf3 Qxf3+ 52. Kxf3 Kg7 53. Re2 Rb3+ 54. Kg2 Kf6 55. Re4 Be5 56. Rc4 Rc3 57. Rxc3 Bxc3 1/2-1/2

[Event "10th Iberoamericano-ch 2024"]
[Site "Linares"]
[Date "2024.09.25"]
[Round "1.31"]
[White "Panelo, Marcelo"]
[Black "Buiza Prieto, Eihartze"]
[Result "1-0"]
[ECO "D00"]
[WhiteElo "2364"]
[BlackElo "2056"]
[Annotator "RC"]
[PlyCount "45"]
[EventDate "2024.09.25"]
[EventType "swiss"]
[EventCountry "ESP"]
[SourceTitle "playchess.com"]
[Source "ChessBase"]
[SourceQuality "1"]
[TimeControl "5400+30"]

1. d4 d5 2. Bf4 Nf6 3. e3 e6 4. Nf3 Be7 5. Bd3 b6 6. Nbd2 Bb7 7. Ne5 O-O 8. c3 Nbd7 9. Qf3 c5 10. Rd1 Re8 11. Qh3 Nf8 12. Ndf3 c4 13. Bc2 N6d7 14. Qh5 Nxe5 15. Nxe5 Ng6 16. h4 Bd6 17. Rh3 Bxe5 18. dxe5 Nf8 19. Ba4 Nd7 20. Rg3 a6 21. Bg5 Qc7 22. Bxd7 Qxd7 23. Bf6 1-0